 Dungeon Crawl Stone Soup version 0.28-a0-1524-ge72afd5fc6 (webtiles) character file.

Game seed: 10607835817655784052

9 psuckher the Sneak (level 2, -1/25 HPs)
             Began as a Barachi Delver on Jan 17, 2022.
             Slain by a centaur (3 damage)
             ... on level 5 of the Dungeon.
             The game lasted 00:00:12 (29 turns).

psuckher the Sneak (Barachi Delver)                   Turns: 29, Time: 00:00:13

Health: -1/25      AC:  3    Str: 13    XL:     2   Next: 12%
Magic:  2/2        EV: 12    Int: 10    God:
Gold:   0          SH:  0    Dex: 13    Spells: 1/1 levels left

rFire   . . .      SeeInvis .   a - +0 short sword
rCold   . . .      Faith    .   (no shield)
rNeg    . . .      Spirit   .   b - +0 leather armour
rPois   .          Reflect  .   (no helmet)
rElec   .          Harm     .   (no cloak)
rCorr   .          Rampage  .   (no gloves)
Will    .....                   (no boots)
Stlth   +++.......              (no amulet)
HPRegen 0.08/turn               (no ring)
MPRegen 0.08/turn               (no ring)

@: slow
A: amphibious, slowness 1, strong legs 1, +LOS
a: Hop


You were on level 5 of the Dungeon.
You visited 1 branch of the dungeon, and saw 1 of its levels.

Inventory:

Hand Weapons
 a - a +0 short sword (weapon)
Armour
 b - a +0 leather armour (worn)
Wands
 g - a wand of digging (3)
Scrolls
 c - a scroll of fog
 d - a scroll of magic mapping
 e - a scroll of fear
Potions
 f - a potion of haste


   Skills:
 + Level 3.7 Fighting
 + Level 2.2 Short Blades
 + Level 2.2 Dodging
 + Level 4.8 Stealth


You had one spell level left.
You didn't know any spells.
Your spell library was empty.

Dungeon Overview and Level Annotations

Branches:
Dungeon (5/15)
 Temple: D:4-7

Altars:


Innate Abilities, Weirdness & Mutations

You are amphibious.
You cover ground slowly.
You can hop short distances.
You have an extended range of vision and can be seen from far away.


Message History

Welcome, psuckher the Barachi Delver.
Will you be the one to retrieve the splendid Orb of Zot from the depths?
Press ? for a list of commands and other information.
Found a robe.
Found a stone staircase leading down.
As you open the door, it creaks loudly!
There is an open door here.
There is an open door here.
You open the door.
An adder and a centaur come into view.
The adder hisses angrily.
The centaur shouts!
The centaur wields a +0 shortbow.
The centaur shoots an arrow.
The arrow hits you!
Ouch! That really hurt!
The adder misses you. The adder closely misses you.
There is an open door, spattered with blood here.
You hit the adder.
The adder is heavily wounded.
A hound zombie comes into view.
The centaur shoots an arrow.
The arrow hits you!
* * * LOW HITPOINT WARNING * * *
The adder barely misses you.
You hit the adder.
The adder is almost dead.
The adder closely misses you.
An iguana comes into view.
The centaur shoots an arrow.
The arrow misses you.
The iguana hisses angrily.
You hit the adder.
You kill the adder!
You have reached level 2!
You closely miss the centaur.
The centaur unwields a +0 shortbow.
The centaur barely misses you. The centaur kicks you.
You die...

....l... ........
........ ......Z.
........
........#####
........#...######
.......c#....'...#
........@....#...#
.......†#....#...#
........#...##...#
#########...######
#[..##...#
....##...##...#
..............#
.........##.>.#
....##...##...#


You could see a centaur, an iguana and a hound zombie.

Vanquished Creatures
  An adder (D:5)
1 creature vanquished.

Notes
Turn   | Place    | Note
-------+----------+-------------------------------------------
     0 | D:5      | psuckher the Barachi Delver began the quest for the Orb.
     0 | D:5      | Reached XP level 1. HP: 18/18 MP: 1/1
    24 | D:5      | Noticed a centaur
    27 | D:5      | Noticed an iguana
    29 | D:5      | Reached XP level 2. HP: 2/25 MP: 2/2
    29 | D:5      | Slain by a centaur

Illustrated notes

Levels and vault maps discovered:
D:5:      layout_gridville, temple_doors_cd, serial_shops,
          nicolae_stop_n_shop_1, kennysheep_pointless_box,
          amcnicky_mini_corridor_feature, minmay_manual_mess

Action                   || total
-------------------------++-------
Melee: Short sword       ||     4
Dodge: Dodged            ||     6

Table legend: (Time is in decaauts)
 A = Elapsed time spent in this place.
 B = Non-inter-level travel time spent in this place.
 C = Inter-level travel time spent in this place.
 D = Time resting spent in this place.
 E = Time spent auto-exploring this place.
 F = Levels seen in this place.
 G = Mean time per level.
                   A        B        C        D        E       F      G
               +--------+--------+--------+--------+--------+-----+--------+
         Total |     33 |     33 |      0 |      0 |      0 |   1 |   33.0 |
       Dungeon |     33 |     33 |      0 |      0 |      0 |   1 |   33.0 |
               +--------+--------+--------+--------+--------+-----+--------+

Top non-repeatable levels by time:
     D:5: 33 daAuts
